 Dungeon Crawl Stone Soup version 0.22-a0-480-g991dd4b (webtiles) character file.

538 Amnesiac the Prestidigitator (level 7, -8/32 HPs)
             Began as a Spriggan Artificer on June 16, 2018.
             Was an Initiate of Gozag.
             Mangled by a wyvern skeleton (12 damage)
             ... on level 5 of the Dungeon.
             The game lasted 00:09:52 (5234 turns).

Amnesiac the Prestidigitator (Spriggan Artificer)   Turns: 5234, Time: 00:09:52

Health: -8/32      AC:  6    Str: 10    XL:     7   Next: 5%
Magic:  15/15      EV: 15    Int: 13    God:    Gozag
Gold:   526        SH:  0    Dex: 16    Spells: 6/6 levels left

rFire    + . .     SeeInvis +   m - +0 short sword
rCold    . . .     Gourm    .   (shield restricted)
rNeg     . . .     Faith    .   l - +2 robe {rF+}
rPois    .         Spirit   .   (helmet restricted)
rElec    .         Reflect  .   g - +1 cloak
rCorr    .         Harm     .   (gloves unavailable)
MR       +....                  (boots unavailable)
Stlth    ++........             (no amulet)
HPRegen  0.10/turn              (no ring)
MPRegen  0.14/turn              (no ring)

@: constricted, very quick
A: very small, unfitting armour, see invisible, herbivore, speed 3, slow
metabolism 2
a: Potion Petition, Call Merchant, Bribe Branch, Renounce Religion


You were on level 5 of the Dungeon.
You worshipped Gozag.
Gozag was pleased with you.
You were not hungry.

You visited 1 branch of the dungeon, and saw 5 of its levels.

You collected 596 gold pieces.
You paid 70 gold pieces to Gozag.

Inventory:

Hand Weapons
 a - a +2 hunting sling
 b - a +0 blowgun
 m - a +0 short sword (weapon)
Missiles
 i - 10 sling bullets
 k - 160 stones (quivered)
 w - 2 curare-tipped needles
Armour
 g - a +1 cloak (worn)
 l - a +2 robe of fire resistance (worn)
Wands
 c - a wand of flame (9)
 d - a wand of enslavement (9)
 e - a wand of random effects (2)
Scrolls
 o - a scroll of fear {!r}
 p - 2 scrolls of remove curse {!r}
 q - a scroll of amnesia {!r}
 x - a scroll of teleportation {!r}
Potions
 h - 4 potions of curing {!q}
 j - a potion of cancellation {!q, unknown}
 n - a potion of invisibility {!q, unknown}
 r - a potion of agility {!q}
 s - a potion of flight {!q, unknown}
 t - 2 potions of lignification {!q}
 u - 2 potions of haste {!q}
 v - a potion of heal wounds {!q}
 z - a potion of brilliance {!q}
Comestibles
 f - 8 rations


   Skills:
 - Level 0.7 Fighting
 - Level 1.1 Short Blades
 - Level 3.0 Dodging
 - Level 1.5 Stealth
 + Level 10.5 Evocations


You had 6 spell levels left.
You didn't know any spells.
Your spell library was empty.

Dungeon Overview and Level Annotations

Branches:
Dungeon (5/15)
 Temple: D:4-7

Altars:
Ashenzari
Elyvilon
Gozag
Kikubaaqudgha
Nemelex Xobeh
Qazlal
Sif Muna

Annotations:
D:5 KillYourself's ghost, novice DrBe


Innate Abilities, Weirdness & Mutations

You are very small and have problems with some larger weapons.
You are too small for most types of armour.
You have supernaturally acute eyesight. (SInv)
You are a herbivore.
You cover ground extremely quickly.
You need to consume almost no food.


Message History

Press: ? - help, Shift-Dir - straight line, f - KillYourself's ghost
Aim: KillYourself's ghost (hasn't noticed you) KillYourself's ghost turns its malevolent gaze towards you.
KillYourself's ghost resists with some effort.
Evoke which item? (* to show all) (? for menu, Esc to quit)
Aiming: Random Effects
Press: ? - help, Shift-Dir - straight line, f/p - KillYourself's ghost
Aim: KillYourself's ghost The fireball explodes!
The fireball engulfs KillYourself's ghost.
KillYourself's ghost resists.
KillYourself's ghost is lightly damaged.
You hear an angry hiss.
Evoke which item? (* to show all) (? for menu, Esc to quit)
Aiming: Random Effects
Press: ? - help, Shift-Dir - straight line, f/p - KillYourself's ghost
Aim: KillYourself's ghost (lightly damaged) KillYourself's ghost suddenly stops moving!
Wield which item (- for none, * to show all)? (? for menu, Esc to quit)
m - a +0 short sword (weapon)
Search for what [Enter for "ego", or ? for help]? dag The helpless KillYourself's ghost fails to defend itself.
You hit KillYourself's ghost but do no damage.
KillYourself's ghost is lightly damaged.
The helpless KillYourself's ghost fails to defend itself.
You puncture KillYourself's ghost!
KillYourself's ghost is moderately damaged.
The helpless KillYourself's ghost fails to defend itself.
You puncture KillYourself's ghost!
KillYourself's ghost is heavily damaged.
The helpless KillYourself's ghost fails to defend itself.
You hit KillYourself's ghost.
KillYourself's ghost is heavily damaged.
The wyvern skeleton bites you.
The helpless KillYourself's ghost fails to defend itself.
You puncture KillYourself's ghost!
KillYourself's ghost is severely damaged.
The wyvern skeleton completely misses you.
The ball python closely misses you. The ball python misses you.
The wyvern skeleton bites you! The ball python bites you.
The ball python misses you.
The helpless KillYourself's ghost fails to defend itself.
You hit KillYourself's ghost but do no damage.
KillYourself's ghost is severely damaged.
The wyvern skeleton bites you.
* * * LOW HITPOINT WARNING * * *
The ball python barely misses you. x2
The helpless KillYourself's ghost fails to defend itself.
You hit KillYourself's ghost but do no damage.
KillYourself's ghost is severely damaged.
The wyvern skeleton bites you.
* * * LOW HITPOINT WARNING * * *
The ball python closely misses you. The ball python grabs you.
The ball python constricts you.
The helpless KillYourself's ghost fails to defend itself.
You hit KillYourself's ghost.
KillYourself's ghost is severely damaged.
The wyvern skeleton bites you!
* * * LOW HITPOINT WARNING * * *
The ball python bites you but does no damage.
* * * LOW HITPOINT WARNING * * *
The ball python constricts you. The wyvern skeleton bites you!
You die...
Your body crumbles into a pile of gold.

♣♣≈≈...........(..[......#.#
≈≈≈≈.....#.............#...#
.≈..#....##............##.##
≈≈≈≈............#........##
♣♣≈....................##.# # $
♣≈≈....##............## #.#
♣♣≈≈...............<...##...##
≈≈≈............S#W...........#
.≈.≈...........Z@............#
.............................#
................##.#..P######.
.................######_._._##
## ..##..........#...#
##.[....P#..>
..###......##..#..###....⌠..PP#
#..##.....####.....####P....#P#
#........# #.....## ###.### #
##.....########....## #.#


You could see KillYourself's ghost (paralysed), a ball python and a wyvern
skeleton.

Vanquished Creatures
  Sigmund (D:5)
  Blork the orc (D:4)
  A jelly (D:5)
  An orc priest (D:4)
  A worker ant (D:4)
  A hound skeleton (D:4)
  4 gnolls (D:3)
  7 adders
  2 oozes
  An adder skeleton (D:4)
  2 worms (D:2)
  3 dart slugs
  A leopard gecko (D:3)
  7 orcs
  2 ball pythons
  2 giant cockroaches (D:2)
  8 goblins
  3 hobgoblins
  2 jackals (D:4)
  6 kobolds
  3 quokkas
  A ball python skeleton (D:4)
  5 bats
  3 frilled lizards
  A jackal skeleton (D:5)
  3 rats
72 creatures vanquished.

Vanquished Creatures (collateral kills)
  An orc (D:5)
1 creature vanquished.

Vanquished Creatures (others)
  An orc priest (D:5)
  An orc wizard (D:4)
  A hound zombie (D:5)
  A jackal (D:4)
  A quokka (D:5)
5 creatures vanquished.

Grand Total: 78 creatures vanquished

Notes
Turn   | Place    | Note
-------+----------+-------------------------------------------
     0 | D:1      | Amnesiac the Spriggan Artificer began the quest for the Orb.
     0 | D:1      | Reached XP level 1. HP: 9/9 MP: 4/4
   384 | D:4      | Found a sparkling altar of Nemelex Xobeh.
   423 | D:4      | Noticed an orc wizard
   440 | D:4      | Noticed Blork the orc
   446 | D:4      | Noticed an orc priest
   529 | D:5      | Entered Level 5 of the Dungeon
   541 | D:4      | Noticed a worker ant
   832 | D:5      | Found a deep blue altar of Sif Muna.
   832 | D:5      | Noticed Sigmund
   839 | D:5      | Found a shattered altar of Ashenzari.
   839 | D:5      | Found an ancient bone altar of Kikubaaqudgha.
   842 | D:5      | Reached skill level 5 in Evocations
   842 | D:5      | Reached XP level 2. HP: 14/14 MP: 4/6
   894 | D:5      | Reached skill level 6 in Evocations
   894 | D:5      | Reached XP level 3. HP: 17/17 MP: 6/8
   931 | D:5      | Noticed KillYourself's ghost (novice DrBe)
   951 | D:5      | Found an opulent altar of Gozag.
   959 | D:5      | Became a worshipper of Gozag Ym Sagoz the Greedy
  1363 | D:1      | Reached XP level 4. HP: 21/21 MP: 9/9
  1754 | D:2      | Reached skill level 7 in Evocations
  1810 | D:2      | Found a white marble altar of Elyvilon.
  2711 | D:3      | Reached XP level 5. HP: 25/25 MP: 11/11
  3218 | D:3      | Reached skill level 8 in Evocations
  3906 | D:4      | Reached skill level 9 in Evocations
  3906 | D:4      | Reached XP level 6. HP: 25/29 MP: 13/13
  3994 | D:4      | Found a stormy altar of Qazlal.
  4541 | D:4      | Killed Blork the orc
  4635 | D:4      | Found a sparkling altar of Nemelex Xobeh.
  4711 | D:4      | Found a stormy altar of Qazlal.
  5102 | D:5      | Killed Sigmund
  5102 | D:5      | Reached skill level 10 in Evocations
  5102 | D:5      | Reached XP level 7. HP: 28/32 MP: 15/15
  5234 | D:5      | Mangled by a wyvern skeleton

Vault maps used:
D:1:      matt_arrival_refuge, minmay_tree_intersection, kennysheep_crisscross
D:2:      nicolae_overflow_crystal_walls
D:3:      mumra_celtic_spiral_tile, minmay_misc_feat_alley
D:4:      overflow_temple_1_default, first_ration, nemelex_dance_club_becter,
          uniq_blork_the_orc
D:5:      grunt_gozag_breadcrumbs, gammafunk_temple_overflow_forgotten,
          kennysheep_boxes, uniq_sigmund

Skill      XL: |  1  2  3  4  5  6 |
---------------+-------------------+-----
Evocations     | 5 6 7 9 10 | 10.5
Fighting       | |  0.7
Short Blades   | |  1.1
Dodging        | |  3.0
Stealth        | |  1.5

Action                   |  1- 3 |  4- 6 |  7- 9 || total
-------------------------+-------+-------+-------++-------
Melee: Short sword       |    20 |       |     8 ||    28
 Fire: Hunting sling     |    23 |   218 |       ||   241
       Blowgun           |       |     1 |       ||     1
Evoke: Wand              |    13 |     9 |     3 ||    25
  Use: Scroll            |     4 |    11 |       ||    15
       Potion            |     4 |       |       ||     4
 Stab: Paralysed         |       |       |     8 ||     8
  Eat: Ration            |       |     2 |       ||     2
Armor: Robe              |    10 |     5 |     1 ||    16
Dodge: Dodged            |    49 |    47 |     7 ||   103

Table legend:
 A = Spawn XP
 B = Non-spawn XP
 C = Spawn XP percentage of total XP
 D = Spawn monster count
 E = Non-spawn monster count
 F = Spawn count percentage of total count
 G = Total turns spent on level
                    A         B        C        D         E        F      G
               +---------+---------+-------+---------+---------+-------+---------
         Total |       0 |     769 |   0.0 |       0 |      74 |   0.0 |  5234
               +---------+---------+-------+---------+---------+-------+---------
           D:1 |       0 |      20 |   0.0 |       0 |      12 |   0.0 |   722
           D:2 |       0 |      78 |   0.0 |       0 |      21 |   0.0 |   838
           D:3 |       0 |     124 |   0.0 |       0 |      20 |   0.0 |  1563
           D:4 |       0 |     240 |   0.0 |       0 |      14 |   0.0 |  1743
           D:5 |       0 |     307 |   0.0 |       0 |       7 |   0.0 |   368
               +---------+---------+-------+---------+---------+-------+---------
